 Dungeon Crawl Stone Soup version 0.31-a0-233-g139696dc86 (webtiles) character file.

Game seed: 8987853888758413683

70720 Gargoyl the Severer (level 15, -6/100 HPs)
             Began as a Gargoyle Berserker on July 9, 2023.
             Was an Elder of Trog.
             Mangled by an orc knight
             ... wielding a +1 vampiric battleaxe
              (35 damage)
             ... on level 2 of the Orcish Mines.
             The game lasted 00:36:25 (19324 turns).

Gargoyl the Severer (Gargoyle Berserker)           Turns: 19324, Time: 00:36:26

Health: -6/100     AC: 32    Str: 19    XL:     15   Next: 34%
Magic:  15/15      EV: 20    Int:  9    God:    Trog [****..]
Gold:   1722       SH:  4    Dex: 15    Spells: 14/14 levels left

rFire   . . .        R - +3 war axe (vamp)
rCold   + . .        (no shield)
rNeg    + . .        u - +0 ring mail {rC+}
rPois   ∞            F - +1 helmet {SInv}
rElec   +            C - +1 cloak
rCorr   .            y - +2 pair of gloves
SInv    +            K - +0 pair of boots
Will    +++..        P - amulet of the acrobat
Stlth   ++           p - +4 ring of protection
HPRegen 1.36/turn    A - +5 ring of evasion
MPRegen 0.14/turn

%: acrobat
@: about to teleport, strong-willed, on berserk cooldown, flying, regenerating,
slowed, very slow
A: sickness immunity, AC +11, big wings, negative energy resistance 1,
electricity resistance, torment resistance 1, petrification resistance, large
bone plates 1, weak 1
a: Renounce Religion, Berserk, Trog's Hand, Brothers in Arms


You were on level 2 of the Orcish Mines.
You worshipped Trog.
Trog was greatly pleased with you.
You visited 3 branches of the dungeon, and saw 18 of its levels.

You collected 1988 gold pieces.
You spent 266 gold pieces at shops.

Inventory:

Hand Weapons
 a - a +1 mace of venom
 o - a +1 war axe of freezing
 L - a +0 broad axe
 R - a +3 vampiric war axe (weapon)
Missiles
 h - 53 poisoned darts (quivered)
 D - 10 curare-tipped darts
Armour
 u - a +0 ring mail of cold resistance (worn)
 y - a +2 pair of gloves (worn)
 C - a +1 cloak (worn)
 F - a +1 helmet of see invisible (worn)
 K - a +0 pair of boots (worn)
Jewellery
 p - a +4 ring of protection (left hand)
 w - a +6 ring of strength
 A - a +5 ring of evasion (right hand)
 E - a ring of willpower
 G - a ring of see invisible
 H - a +6 ring of strength
 J - the ring "Cyrufup" {rPois rC- Will+ Str+6}
   (You found it on level 4 of the Lair of Beasts)

   [ring of willpower]

   Str:       It affects your strength (+6).
   rC:        It makes you vulnerable to cold.
   rPois:     It protects you from poison.
   Will:      It increases your willpower.
 P - an amulet of the acrobat (around neck)
 Q - an amulet of faith
Wands
 t - a wand of flame (36)
 x - a wand of roots (14)
 B - a wand of mindburst (13)
 M - a wand of light (6)
 N - a wand of paralysis (5)
Scrolls
 c - 5 scrolls of teleportation
 d - 2 scrolls of revelation
 m - 3 scrolls of poison
 v - 2 scrolls of identify
 I - a scroll of blinking
 O - 3 scrolls of fear
Potions
 b - 11 potions of curing
 e - 3 potions of lignification
 f - 3 potions of haste
 g - 4 potions of might
 i - 2 potions of enlightenment
 j - 4 potions of attraction
 k - 2 potions of invisibility
 l - 4 potions of cancellation
 n - 3 potions of heal wounds
 q - 2 potions of berserk rage
 r - 6 potions of ambrosia
 s - a potion of magic
 z - 2 potions of resistance


   Skills:
 + Level 14.1 Fighting
 + Level 16.4 Axes
 + Level 1.1(11.7) Maces & Flails
 + Level 2.6 Throwing
 + Level 9.6 Armour
 + Level 9.1 Dodging
 + Level 5.3 Stealth
 + Level 6.9 Shields
 + Level 1.0 Evocations


You had 14 spell levels left.
You didn't know any spells.
Your spell library was empty.

Dungeon Overview and Level Annotations

Branches:
Dungeon (11/15)            Temple (0/1) D:7            Lair (5/5) D:11
  Swamp (0/4) Lair:3       Spider (0/4) Lair:3        Slime (0/5) Lair:4
    Orc (2/2) D:11            Elf (0/3) Orc:2

Altars:
Cheibriados
Dithmenos
Elyvilon
Nemelex Xobeh
Okawaru
Trog
Uskayaw
Vehumet
Xom
Yredelemnul
Zin
Jiyva

Shops:
D:4 (=   D:11 ?

Annotations:
D:10 1 runed translucent door


Innate Abilities, Weirdness & Mutations

You are immune to sickness and miasma.
Your stone body is resilient. (AC +11)
You are immune to poison.
Your large and strong wings let you fly.
You resist negative energy. (rN+)
You are resistant to electric shocks. (rElec)
You are resistant to unholy torment.
You are immune to petrification.
You are partially covered in large bone plates. (SH +4)
You are weak. (Str -2)


Message History

You barely miss the warg. You slash the orc knight!
The orc knight no longer looks unusually strong.
The orc knight roars a battlecry!
The orc knight goes into a battle-frenzy!
The orc knight completely misses you. The warg completely misses you.
Unknown command.
You slash the orc knight!
You feel better.
The orc knight is moderately wounded.
You slash the warg! You hit the orc knight.
You feel better. The orc knight misses you.
The orc knight hits you with a +2 war axe.
The warg barely misses you.
You hit the orc knight but do no damage.
The orc knight is moderately wounded.
You closely miss the warg. You closely miss the orc knight.
The warg closely misses you.
The orc knight hits you with a +2 war axe!!
You block the orc knight's attack. The warg bites you but does no damage.
Unknown command.
You barely miss the orc knight.
The orc knight is moderately wounded.
You slash the warg!
You feel better.
You hit the orc knight but do no damage.
The orc knight hits you with a +1 vampiric battleaxe!!
The orc knight hits you with a +2 war axe!!
* * * LOW HITPOINT WARNING * * *
You block the warg's attack.
You barely miss the orc knight.
The orc knight is moderately wounded.
You barely miss the warg. You slash the orc knight!
You feel better. The orc knight barely misses you. The orc knight misses you.
The warg bites you but does no damage.
As you read the scroll of teleportation, it crumbles to dust.
You feel strangely unstable. You block the warg's attack.
The orc knight hits you with a +2 war axe!
* * * LOW HITPOINT WARNING * * *
You block the orc knight's attack. The warg barely misses you.
The orc knight hits you but does no damage.
The orc knight hits you with a +1 vampiric battleaxe!!
You die...

# ##### ###...## ##
.......# ..# .......#
..#
.#.....###########.##
.....#....'...#.....#
........#.#...#.....
....##..####).#ho#
...##.... #..)o@#
.....#.... #.....#
#....#.....###+###
#....#.....#
.....#.....# .....#
....## #..### .....#


You could see 2 orc knights and a warg.

Vanquished Creatures
  A lich (D:10)
  The ghost of Ixkigry the Geomancer, a journeyman MeEE of Vehumet (Lair:4)
  An orc warlord (Orc:2)
  The ghost of Puhaj the Warrior, a journeyman DsFi of Uskayaw (Lair:4)
  A quicksilver ooze (Lair:5)
  The ghost of Dutolum the Cruncher, a journeyman AtFi of Gozag (Lair:4)
  Nessos (Lair:3)
  A stone giant (D:10)
  The ghost of Alapn the Covert, a journeyman KoEn of Dithmenos (Lair:4)
  A fire dragon (Lair:5)
  Snorg (D:10)
  An ettin (Orc:2)
  The ghost of vurker the Thaumaturge, a journeyman DjAE of Makhleb (D:10)
  3 hydras
  A boulder beetle (D:11)
  7 two-headed ogres
  Sonja (Lair:5)
  A skyshark (Lair:5)
  A skeletal warrior (D:10)
  A swamp dragon (Lair:5)
  5 orc knights
  An orc sorcerer (Orc:2)
  2 oklob plants
  A manticore (D:11)
  An ugly thing (D:10)
  2 cyclopes (D:11)
  24 elephants
  3 black mambas
  A torpor snail (Lair:5)
  2 komodo dragons
  2 unseen horror zombies (D:8)
  7 cane toads
  8 rime drakes
  A queen bee (Lair:2)
  6 trolls
  A hornet (D:9)
  A polar bear (Lair:1)
  A tyrant leech (Lair:3)
  16 blink frogs
  9 saltlings (Orc:2)
  A water elemental (D:11)
  A centaur simulacrum (D:10)
  2 vampires
  A shadow (D:11)
  9 wyverns
  37 yaks
  4 wraiths
  8 basilisks
  2 steam dragons
  Menkaure (D:5)
  5 redbacks
  2 wargs
  A swamp worm (Lair:3)
  2 acid dragons
  21 water moccasins
  22 orc warriors
  3 swamp drakes (Lair:5)
  3 black bears
  6 ogres
  11 wolves
  2 centaurs
  A phantom (D:4)
  2 kobold brigands
  A wyvern zombie (D:8)
  10 bullfrogs
  2 gnoll sergeants
  4 scorpions
  4 wights (D:7)
  47 killer bees
  7 electric eels
  A howler monkey (D:5)
  A jelly (D:8)
  2 quasits (D:8)
  2 centaur zombies (D:8)
  4 gnoll boudas
  14 orc priests
  6 hounds
  Jessica (D:2)
  5 iguanas
  17 orc wizards
  2 killer bee zombies (D:8)
  A howler monkey zombie (D:8)
  Robin (D:4)
  27 gnolls
  13 adders
  3 shadow imps
  2 white imps (D:8)
  3 ufetubi
  2 worms
  3 dart slugs
  77 orcs
  7 endoplasms
  4 giant cockroaches
  18 goblins
  8 hobgoblins
  3 quokkas
  7 ball pythons
  11 bats
  5 frilled lizards
  17 kobolds
  6 rats
  A butterfly (Lair:4)
618 creatures vanquished.

Vanquished Creatures (collateral kills)
  3 hydras
  A necromancer (D:10)
  An elephant (Lair:4)
  A black mamba (Lair:2)
  A centaur simulacrum (D:10)
  A vampire (D:10)
  A water moccasin (Lair:2)
  A killer bee (Lair:2)
10 creatures vanquished.

Vanquished Creatures (others)
  An iguana (Lair:5)
  A butterfly (D:8)
2 creatures vanquished.

Grand Total: 630 creatures vanquished

Notes
Turn   | Place    | Note
-------+----------+-------------------------------------------
     0 | D:1      | Gargoyl the Gargoyle Berserker began the quest for the Orb.
     0 | D:1      | Reached XP level 1. HP: 14/14 MP: 1/1
   365 | D:1      | Reached XP level 2. HP: 17/19 MP: 2/2
   389 | D:1      | Reached skill level 3 in Axes
   577 | D:1      | Reached XP level 3. HP: 24/24 MP: 3/3
  1055 | D:2      | Noticed Jessica
  1063 | D:2      | Killed Jessica
  1104 | D:2      | Reached XP level 4. HP: 26/29 MP: 4/4
  1127 | D:2      | Reached ** piety under Trog
  1776 | D:3      | Reached XP level 5. HP: 33/34 MP: 5/5
  1836 | D:3      | Reached skill level 4 in Axes
  2101 | D:3      | Found a snail-covered altar of Cheibriados.
  2144 | D:3      | Found a faded altar of an unknown god.
  2376 | D:3      | Found a glowing silver altar of Zin.
  2376 | D:3      | Noticed an angel
  2591 | D:4      | Noticed a black bear
  2595 | D:4      | Killed a black bear
  2596 | D:4      | Reached XP level 6. HP: 39/39 MP: 6/6
  2775 | D:4      | Found Hezon's Firing Range.
  2782 | D:4      | Noticed Robin
  2790 | D:4      | Killed Robin
  2984 | D:4      | Reached skill level 5 in Axes
  2984 | D:4      | Reached XP level 7. HP: 40/44 MP: 7/7
  3027 | D:4      | Found Norpheumu's Jewellery Shop.
  3161 | D:4      | Reached skill level 5 in Fighting
  3216 | D:5      | Entered Level 5 of the Dungeon
  3288 | D:5      | Noticed Menkaure
  3296 | D:5      | Killed Menkaure
  3297 | D:5      | Reached skill level 6 in Axes
  3300 | D:5      | Reached *** piety under Trog
  3423 | D:5      | Reached XP level 8. HP: 44/49 MP: 8/8
  3695 | D:5      | You fall into a shaft and drop 3 floors!
  3720 | D:8      | Reached skill level 7 in Axes
  3977 | D:6      | Reached skill level 5 in Armour
  4039 | D:6      | Found a shadowy altar of Dithmenos.
  4103 | D:6      | Reached skill level 8 in Axes
  4104 | D:6      | Found a hide-covered altar of Uskayaw.
  4180 | D:6      | Reached XP level 9. HP: 55/55 MP: 9/9
  4206 | D:6      | Identified the +9 quarterstaff of Hehicleu {speed, Str+6
                  | Dex-2 Stlth+}
  4273 | D:6      | Found a bloodstained altar of Trog.
  4423 | D:7      | Reached skill level 1 in Stealth
  4547 | D:7      | Reached **** piety under Trog
  4769 | D:7      | Found a staircase to the Ecumenical Temple.
  4857 | D:7      | Identified the ring of Megalomania {rPois Int+2}
  5101 | D:7      | Reached skill level 9 in Axes
  5215 | D:7      | Found an iron altar of Okawaru.
  5736 | D:8      | Reached XP level 10. HP: 63/63 MP: 10/10
  5804 | D:8      | Noticed a two-headed ogre
  5824 | D:8      | Killed a two-headed ogre
  5825 | D:8      | Reached skill level 10 in Axes
  6053 | D:8      | Gained mutation: You are partially covered in large bone
                  | plates. (SH +4) [potion of mutation]
  6053 | D:8      | Gained mutation: You are weak. (Str -2) [potion of
                  | mutation]
  6157 | D:8      | Found a basalt altar of Yredelemnul.
  6217 | D:8      | Reached skill level 5 in Dodging
  6287 | D:8      | Noticed a two-headed ogre
  6295 | D:8      | Killed a two-headed ogre
  6296 | D:8      | Reached skill level 1 in Shields
  6443 | D:8      | Found a white marble altar of Elyvilon.
  6630 | D:9      | Noticed a two-headed ogre
  6645 | D:9      | Killed a two-headed ogre
  6646 | D:9      | Reached skill level 11 in Axes
  6646 | D:9      | Reached XP level 11. HP: 69/69 MP: 11/11
  6718 | D:9      | Found a sparkling altar of Nemelex Xobeh.
  6922 | D:9      | Noticed a two-headed ogre
  6931 | D:9      | Killed a two-headed ogre
  7257 | D:10     | Entered Level 10 of the Dungeon
  7270 | D:10     | Identified the +2 robe "Upsu" {Harm rC- Regen+ Dex-5}
  7290 | D:10     | Noticed a purple ugly thing
  7290 | D:10     | Noticed a lich
  7290 | D:10     | Noticed vurker's ghost (journeyman DjAE)
  7291 | D:10     | Noticed a stone giant
  7311 | D:10     | Noticed Snorg
  7338 | D:10     | Killed Snorg
  7564 | D:10     | Noticed a two-headed ogre
  7573 | D:10     | Killed a two-headed ogre
  7755 | D:10     | Found a runed translucent door.
  7756 | D:10     | Noticed a necromancer
  7843 | D:10     | Found a radiant altar of Vehumet.
  7895 | D:10     | Found a runed translucent door.
  8005 | D:10     | Noticed a skeletal warrior
  8208 | D:10     | Killed a necromancer
  8209 | D:10     | Reached skill level 12 in Axes
  8226 | D:10     | Killed a stone giant
  8227 | D:10     | Reached skill level 10 in Fighting
  8240 | D:10     | Killed a purple ugly thing
  8350 | D:10     | Killed vurker's ghost
  8351 | D:10     | Reached XP level 12. HP: 58/77 MP: 12/12
  8448 | D:10     | Killed a lich
  8678 | D:11     | Found a staircase to the Orcish Mines.
  8898 | D:11     | Found a staircase to the Lair.
  8908 | D:11     | Identified the +8 longbow of Slow Death {drain, Will-
                  | Int+7}
  9230 | D:11     | Noticed a boulder beetle
  9258 | D:11     | Killed a boulder beetle
  9259 | D:11     | Reached skill level 13 in Axes
  9977 | D:11     | Found Oddept's Magic Scroll Boutique.
  9982 | D:11     | Bought a scroll of enchant weapon for 105 gold pieces
  9982 | D:11     | Bought a scroll of blinking for 105 gold pieces
  9982 | D:11     | Bought a scroll of fear for 56 gold pieces
 10079 | Lair:1   | Entered Level 1 of the Lair of Beasts
 10401 | Lair:1   | Found a shimmering altar of Xom.
 10428 | Lair:1   | Identified the +5 hand axe "Qyfuusch" {heavy, rF+}
 11036 | Lair:2   | Reached XP level 13. HP: 58/84 MP: 13/13
 11241 | Lair:2   | Reached skill level 14 in Axes
 11391 | Lair:2   | Reached skill level 5 in Shields
 12870 | Lair:3   | Reached skill level 15 in Axes
 12892 | Lair:3   | Identified a scroll of acquirement
 12892 | Lair:3   | Acquired an amulet of the acrobat
 13360 | Lair:3   | Found a hole to the Spider Nest.
 13389 | Lair:3   | Reached ***** piety under Trog
 13537 | Lair:3   | Gained mutation: Your large and strong wings let you fly.
                  | [Gargoyle growth]
 13537 | Lair:3   | Reached XP level 14. HP: 92/92 MP: 14/14
 13564 | Lair:3   | Noticed Nessos
 13889 | Lair:3   | Killed Nessos
 13890 | Lair:3   | Reached skill level 1 in Throwing
 14173 | Lair:3   | Found a staircase to the Swamp.
 14480 | Lair:4   | Found a viscous altar of Jiyva.
 14480 | Lair:4   | Found a staircase to the Slime Pits.
 14590 | Lair:4   | Identified the +5 chain mail of the Snail {Harm Stlth+}
 14690 | Lair:4   | Found a runed translucent gate.
 14690 | Lair:4   | Found a runed translucent gate.
 14690 | Lair:4   | Found a runed translucent gate.
 14712 | Lair:4   | Noticed Ixkigry's ghost (journeyman MeEE)
 14712 | Lair:4   | Noticed Puhaj's ghost (journeyman DsFi)
 14713 | Lair:4   | Noticed Dutolum's ghost (journeyman AtFi)
 14733 | Lair:4   | Identified the ring "Cyrufup" {rPois rC- Will+ Str+6}
 15230 | Lair:4   | Noticed Alapn's ghost (journeyman KoEn)
 15528 | Lair:4   | Killed Ixkigry's ghost
 15533 | Lair:4   | Killed Puhaj's ghost
 15912 | Lair:4   | Killed Dutolum's ghost
 16098 | Lair:5   | Entered Level 5 of the Lair of Beasts
 16132 | Lair:5   | a four-headed hydra changed into a quicksilver ooze
 16132 | Lair:5   | Noticed a quicksilver ooze
 16140 | Lair:5   | Killed a quicksilver ooze
 16143 | Lair:5   | Noticed Sonja
 16166 | Lair:5   | Reached skill level 5 in Stealth
 16175 | Lair:5   | Killed Sonja
 16331 | Lair:4   | Killed Alapn's ghost
 16893 | Lair:5   | Reached skill level 1 in Evocations
 17244 | Lair:5   | Reached skill level 16 in Axes
 17281 | Lair:5   | Reached skill level 1 in Maces & Flails
 17812 | Lair:5   | Reached XP level 15. HP: 99/99 MP: 15/15
 18106 | Orc:1    | Entered Level 1 of the Orcish Mines
 18397 | Orc:2    | Entered Level 2 of the Orcish Mines
 18644 | Orc:2    | Found a staircase to the Elven Halls.
 18976 | Orc:2    | Noticed an orc warlord
 19001 | Orc:2    | Killed an orc warlord
 19324 | Orc:2    | Mangled by an orc knight

Illustrated notes

Levels and vault maps discovered:
D:1:      minmay_arrival_diagonal_passages, layout_basic, chequers_big_river
D:2:      layout_basic, kennysheep_jessica_study, uniq_jessica
D:3:      layout_basic, zin_angel, kennysheep_slug_shrine,
          basic_ecumenical_altar, chequers_serial_rivers_room_a
D:4:      layout_cave_pools, serial_shops, nicolae_shop_tiny_glass,
          serial_bayou_pond_d, nicolae_shop_firing_range, uniq_robin
D:5:      layout_rooms, mainiacjoe_overflow_swirl,
          nicolae_qazlal_style_of_elements, lemuel_tele_altar, st_stairs_5,
          uniq_menkaure
D:6:      layout_basic, nicolae_overflow_crystal_walls,
          eat_drink_and_be_merry_uskayaw, mainiacjoe_overflow_alcove_2
D:7:      layout_loops_cross, mainiacjoe_overflow_paths,
          minmay_temple_entry_glass, roderic_batcave
D:8:      layout_loops_cross, nicolae_yredelemnul_corpse_copse,
          nicolae_elyvilon_peaceful_grove, serial_demonic, serial_demonic_b,
          serial_demonic_a, serial_demonic_a, serial_demonic_f
D:9:      layout_roguey, mainiacjoe_overflow_small_starburst
D:10:     layout_big_octagon, mainiacjoe_overflow_surrounded_room,
          muffindrake_ghost_dual_entry, uniq_snorg
D:11:     layout_loops_ring, due_lair_maze_entry_diamond, orc_0_dummy,
          serial_shops, nicolae_shop_hallway_stairs, serial_bayou,
          serial_bayou_ford_a, serial_bayou_crossing, serial_bayou_shore_b,
          serial_bayou_pond_e, serial_bayou_lagoon_a,
          hangedman_abyss_or_decor_stagger, minmay_misc_feat_four_crosses,
          chequers_serial_rivers_large_a, roderic_cross_of_infinity
Lair:1:   layout_misc_corridors, basic_altar, st_stairs_7, serial_bayou_shore_a,
          infiniplex_staircase_pool_2
Lair:2:   regret_index_tunnel_blossom, layout_regular_city
Lair:3:   layout_cellular_growth, minmay_swamp_entry_worms,
          spider_nest_entry_webs, grunt_megastairs_2, uniq_nessos
Lair:4:   layout_cave_shapes, slime_entry_1, gammafunk_ghost_cemetery,
          lemuel_fruit_fields
Lair:5:   guppyfry_lair_end_dragon, layout_gridlike, uniq_sonja
Orc:1:    layout_caves
Orc:2:    hellmonk_orc_salted, layout_diamond_mine

Skill      XL: |  1  2  3  4  5  6  7  8  9 10 11 12 13 14 15 |
---------------+----------------------------------------------+-----
Axes           | 3 4 5 6 8 9 11 12 13 15 16 | 16.4
Dodging        | 2 3 4 5 6 7 8 9 |  9.1
Fighting       | 4 5 7 8 10 11 12 13 14 | 14.1
Armour         | 3 4 5 6 7 8 9 |  9.6
Stealth        | 1 2 4 5 |  5.3
Shields        | 2 3 4 6 |  6.9
Throwing       | 2 |  2.6
Evocations     | 1 |  1.0
Maces & Flails | 1 |  1.1

Action                     |  1- 3 |  4- 6 |  7- 9 | 10-12 | 13-15 || total
---------------------------+-------+-------+-------+-------+-------++-------
  Melee: Hand axe          |    55 |   147 |       |       |       ||   202
         War axe           |       |    54 |   268 |   677 |  1074 ||  2073
         Punch             |       |     1 |     6 |    14 |    17 ||    38
         Mace              |       |       |       |       |    26 ||    26
  Throw: Dart              |       |     2 |     1 |     4 |    28 ||    35
 Invoke: Berserk           |     1 |     3 |    12 |    16 |    24 ||    56
         Trog's Hand       |       |       |     5 |    13 |    27 ||    45
         Brothers in Arms  |       |       |       |     2 |     5 ||     7
  Evoke: Wand              |       |       |       |       |    16 ||    16
    Use: Scroll            |     2 |     6 |    10 |    11 |    12 ||    41
         Potion            |       |       |       |     2 |     3 ||     5
   Stab: Sleeping          |       |       |       |     1 |     4 ||     5
         Distracted        |       |       |       |       |     3 ||     3
 Armour: Ring mail         |    31 |   112 |   162 |   306 |   566 ||  1177
  Dodge: Dodged            |    46 |   150 |   242 |   608 |  1135 ||  2181
  Block: Other             |       |       |       |   118 |   209 ||   327

Table legend: (Time is in decaauts)
 A = Elapsed time spent in this place.
 B = Non-inter-level travel time spent in this place.
 C = Inter-level travel time spent in this place.
 D = Time resting spent in this place.
 E = Time spent auto-exploring this place.
 F = Levels seen in this place.
 G = Mean time per level.
                   A        B        C        D        E       F      G
               +--------+--------+--------+--------+--------+-----+--------+
         Total |  19625 |  18570 |   1055 |   1604 |  11787 |  18 | 1090.3 |
       Dungeon |  10803 |  10133 |    670 |    656 |   6780 |  11 |  982.1 |
          Lair |   7642 |   7276 |    366 |    921 |   4418 |   5 | 1528.4 |
  Orcish Mines |   1179 |   1160 |     19 |     26 |    589 |   2 |  589.5 |
               +--------+--------+--------+--------+--------+-----+--------+

Top non-repeatable levels by time:
  Lair:4: 1839 daAuts
  Lair:3: 1740 daAuts
    D:10: 1658 daAuts
    D:11: 1530 daAuts
  Lair:2: 1523 daAuts
  Lair:5: 1320 daAuts
  Lair:1: 1218 daAuts
     D:8: 1185 daAuts
     D:7: 1147 daAuts
     D:1: 1086 daAuts
     D:3: 841 daAuts
     D:9: 812 daAuts
   Orc:2: 759 daAuts
     D:2: 725 daAuts
     D:4: 675 daAuts
